 Dungeon Crawl Stone Soup version 0.23.2-40-g277498a001 (webtiles) character file.

Game seed: 12926211689514411258

617 H0rd4k the Slasher (level 7, -1/52 HPs)
             Began as a Human Artificer on Sept 3, 2019.
             Was an Initiate of Gozag.
             Slain by an orc warrior
             ... wielding a +0 halberd
              (7 damage)
             ... on level 7 of the Dungeon.
             The game lasted 00:06:30 (5911 turns).

H0rd4k the Slasher (Human Artificer)                Turns: 5911, Time: 00:06:30

Health: -1/52      AC:  5    Str: 14    XL:     7   Next: 74%
Magic:  18/18      EV: 12    Int: 12    God:    Gozag
Gold:   312        SH:  0    Dex: 13    Spells: 6/6 levels left

rFire    . . .     SeeInvis .   l - +1 long sword
rCold    . . .     Gourm    .   (no shield)
rNeg     . . .     Faith    +   A - +1 leather armour {rPois}
rPois    +         Spirit   .   (no helmet)
rElec    .         Reflect  .   y - +0 cloak
rCorr    .         Harm     .   (no gloves)
MR       .....                  (no boots)
Stlth    +.........             x - amulet of faith
HPRegen  0.17/turn              C - ring of flight
MPRegen  0.16/turn              F - ring of magical power

@: no status effects
A: no striking features
a: Potion Petition, Call Merchant, Bribe Branch, Renounce Religion, Evoke Flight


You were on level 7 of the Dungeon.
You worshipped Gozag.
Gozag was aware of your devotion.
You were not hungry.

You visited 1 branch of the dungeon, and saw 7 of its levels.

You collected 357 gold pieces.
You paid 45 gold pieces to Gozag.

Inventory:

Hand Weapons
 l - a +1 long sword (weapon)
 I - a +2 war axe of freezing
Armour
 y - a +0 cloak (worn)
 A - a +1 leather armour of poison resistance (worn)
Jewellery
 b - a +6 ring of intelligence
 x - an amulet of faith (around neck)
 C - a ring of flight (left hand)
 F - a ring of magical power (right hand)
Wands
 c - a wand of flame (10)
 d - a wand of enslavement (10)
 e - a wand of random effects (14)
 n - a wand of acid (2)
Scrolls
 g - 2 scrolls of teleportation
 i - 2 scrolls of enchant weapon
 k - a scroll of enchant armour
 o - 2 scrolls of blinking {unknown}
 p - 2 scrolls of random uselessness {unknown}
 r - a scroll of fear {unknown}
 s - a scroll of magic mapping {unknown}
 w - 2 scrolls of identify {unknown}
 B - a scroll of acquirement {unknown}
 H - a scroll of immolation {unknown}
Potions
 a - a potion of brilliance
 h - 3 potions of lignification {unknown}
 j - a potion of mutation {unknown}
 q - 2 potions of ambrosia {unknown}
 t - a potion of magic {unknown}
 u - a potion of degeneration {unknown}
 v - a potion of agility {unknown}
 z - a potion of flight {unknown}
 D - 2 potions of invisibility {unknown}
 E - a potion of curing {unknown}
 G - a potion of cancellation {unknown}
 J - a potion of berserk rage {unknown}
Comestibles
 f - 11 rations


   Skills:
 + Level 3.6 Fighting
   Level 1.8(3.3) Short Blades
 + Level 4.3(4.5) Long Blades
 + Level 2.9 Armour
 + Level 2.8 Dodging
 + Level 1.3 Stealth
 + Level 3.9 Evocations


You had 6 spell levels left.
You didn't know any spells.
Your spell library contained the following spells:

 Spells                   Type           Power        Failure   Level  Hunger
 Magic Dart               Conj           #...         38%         1    ##.....
 Blink                    Tloc           N/A          52%         2    ###....
 Call Imp                 Summ           #.......     52%         2    ###....
 Slow                     Hex            #.......     52%         2    ###....
 Conjure Flame            Conj/Fire      #.......     77%         3    ####...
 Mephitic Cloud           Conj/Pois/Air  #.......     77%         3    ####...


Dungeon Overview and Level Annotations

Branches:
Dungeon (7/15)             Temple (0/1) D:4

Altars:
Cheibriados
Gozag
Makhleb
Qazlal
Trog
Xom
Yredelemnul
Zin
The Shining One


Message History

The gnoll barely misses you.
You climb downwards.
Reactivating autopickup.
The orc hits you with a +0 dagger.
* * * LOW HITPOINT WARNING * * *
The orc priest closely misses you.
You riposte.
You closely miss the orc priest.
There is a stone staircase leading up, spattered with blood here.
Deactivating autopickup; reactivate with Ctrl-A.
You barely miss something. Something hits you but does no damage.
The orc hits you but does no damage.
The orc priest hits you with a +2 vampiric trident.
* * * LOW HITPOINT WARNING * * *
Something hits you.
* * * LOW HITPOINT WARNING * * *
The gnoll hits you.
* * * LOW HITPOINT WARNING * * *
The orc warrior hits you from afar with a +0 halberd!
You die...
Your body crumbles into a pile of gold.

#######$####......
#..........#....#
#.#####..#.#....#
#........#+#....#
#....<..........##
#.<..#....?....... #
#>................
#.#o.#.#..#......#.#
#oo@...#.!.........#
......g.###########.....
......o.. .........
........## ####.....
........# #.....
......#.# ####.#
......#.# #.# ......#..
... ####


You could see an orc warrior, an orc priest, a gnoll and 2 orcs.

Vanquished Creatures
  A centaur (D:5)
  A bullfrog (D:7)
  A howler monkey (D:5)
  2 orc priests
  3 hounds
  A bullfrog skeleton (D:7)
  A worker ant (D:5)
  4 gnolls (D:3)
  7 adders
  An adder skeleton (D:5)
  A worm (D:3)
  2 dart slugs
  A leopard gecko (D:1)
  16 orcs
  9 giant cockroaches
  10 goblins
  6 hobgoblins
  7 jackals
  5 kobolds
  A quokka (D:4)
  A ball python (D:1)
  8 bats
  5 frilled lizards
  A leopard gecko skeleton (D:4)
  12 rats
107 creatures vanquished.

Vanquished Creatures (others)
  An ice beast (D:5)
  2 jackals (D:1)
3 creatures vanquished.

Grand Total: 110 creatures vanquished

Notes
Turn   | Place    | Note
-------+----------+-------------------------------------------
     0 | D:1      | H0rd4k the Human Artificer began the quest for the Orb.
     0 | D:1      | Reached XP level 1. HP: 15/15 MP: 3/3
   225 | D:1      | Reached XP level 2. HP: 8/21 MP: 4/4
  1059 | D:2      | Found a burning altar of Makhleb.
  1071 | D:2      | Reached skill level 1 in Armour
  1071 | D:2      | Reached XP level 3. HP: 17/26 MP: 5/5
  1071 | D:2      | Reached XP level 4. HP: 21/32 MP: 6/6
  1223 | D:2      | Found a faded altar of an unknown god.
  1231 | D:2      | Found a glowing silver altar of Zin.
  1957 | D:1      | Found a basalt altar of Yredelemnul.
  1959 | D:1      | Found a snail-covered altar of Cheibriados.
  1959 | D:1      | Found a snail-covered altar of Cheibriados.
  1961 | D:1      | Found a basalt altar of Yredelemnul.
  1961 | D:1      | Found a shimmering altar of Xom.
  1961 | D:1      | Found a stormy altar of Qazlal.
  2838 | D:3      | Found a stormy altar of Qazlal.
  2866 | D:3      | Reached XP level 5. HP: 37/37 MP: 7/7
  2900 | D:3      | Reached skill level 1 in Long Blades
  3094 | D:3      | Reached skill level 2 in Long Blades
  3525 | D:3      | Reached XP level 6. HP: 9/44 MP: 8/8
  3811 | D:3      | Found an opulent altar of Gozag.
  3811 | D:3      | Found a glowing golden altar of the Shining One.
  3824 | D:3      | Became a worshipper of Gozag Ym Sagoz the Greedy
  4366 | D:4      | Found a staircase to the Ecumenical Temple.
  4680 | D:5      | Entered Level 5 of the Dungeon
  5068 | D:5      | Reached skill level 3 in Long Blades
  5104 | D:5      | Noticed an ice beast
  5149 | D:5      | Killed a centaur
  5149 | D:5      | Reached XP level 7. HP: 22/52 MP: 9/9
  5158 | D:5      | Reached skill level 4 in Long Blades
  5375 | D:5      | Found a bloodstained altar of Trog.
  5419 | D:5      | You fall through a shaft for 2 floors!
  5911 | D:7      | Slain by an orc warrior

Skill      XL: |  1  2  3  4  5  6  7 |
---------------+----------------------+-----
Armour         | 1 2 |  2.9
Long Blades    | 2 3 4 |  4.3
Fighting       | 3 |  3.6
Short Blades   | |  1.8
Dodging        | |  2.8
Stealth        | |  1.3
Evocations     | |  3.9

Action                   |  1- 3 |  4- 6 |  7- 9 || total
-------------------------+-------+-------+-------++-------
Melee: Short sword       |    61 |     1 |       ||    62
       Long sword        |       |   233 |    61 ||   294
Evoke: Wand              |     8 |     2 |     1 ||    11
  Use: Scroll            |       |     4 |       ||     4
       Potion            |       |     2 |     2 ||     4
 Stab: Sleeping          |     1 |     3 |       ||     4
  Eat: Chunk             |       |    10 |       ||    10
       Ration            |       |     1 |     1 ||     2
Armor: Leather armour    |    23 |    61 |    23 ||   107
Dodge: Dodged            |    47 |   217 |    56 ||   320
       Rpst.: Long sword |       |    79 |    22 ||   101
